 Dungeon Crawl Stone Soup version 0.20.1-1-g8b1a95d (webtiles) character file.

746 vatarom the Arsonist (level 7, -4/39 HPs)
             Began as a Deep Elf Fire Elementalist on Aug 25, 2017.
             Shot with an arrow by a centaur (14 damage)
             ... on level 5 of the Dungeon.
             The game lasted 00:14:03 (4873 turns).

vatarom the Arsonist (Deep Elf Fire Elementalist)   Turns: 4873, Time: 00:14:04

Health: -4/39      AC:  2    Str:  7    XL:     7   Next: 48%
Magic:  11/14      EV: 13    Int: 22    God:
Gold:   186        SH:  0    Dex: 15    Spells: 3/12 levels left

rFire    + . .     SeeInvis .   h - +2 short sword (drain)
rCold    x . .     Gourm    .   (no shield)
rNeg     . . .     Faith    .   a - +0 robe
rPois    .         Spirit   .   (no helmet)
rElec    .         Reflect  .   (no cloak)
rCorr    .         Harm     .   (no gloves)
MR       +....                  (no boots)
Stlth    ++........             (no amulet)
Regen    0.2/turn               j - +2 ring of strength
MPRegen  0.2/turn               g - ring of fire

@: no status effects
A: blink, magic resistance 1, robust 1
a: Blink


You were on level 5 of the Dungeon.
You were not hungry.

You visited 2 branches of the dungeon, and saw 6 of its levels.

You collected 186 gold pieces.

Inventory:

Hand Weapons
 e - a +0 dagger
 h - a +2 short sword of draining (weapon)
Armour
 a - a +0 robe (worn)
Jewellery
 d - an uncursed ring of resist corrosion
 g - a ring of fire (right hand)
 j - a +2 ring of strength (left hand)
Wands
 p - a wand of polymorph (10/24)
Scrolls
 f - a scroll of magic mapping
 i - a scroll of blinking
 n - a scroll of remove curse
 q - a scroll of fear
 u - a scroll of identify {unknown}
Potions
 k - 2 potions of heal wounds
 o - a potion of agility
 r - a potion of lignification {unknown}
 s - a potion of flight {unknown}
 v - 2 potions of curing
Books
 b - a book of Flames

   Spells                             Type                      Level
   a - Flame Tongue                   Conjuration/Fire             1
   b - Throw Flame                    Conjuration/Fire             2
   c - Conjure Flame                  Conjuration/Fire             3
   d - Inner Flame                    Hexes/Fire                   3
   e - Sticky Flame                   Conjuration/Fire             4
   f - Fireball                       Conjuration/Fire             5
Comestibles
 c - a bread ration
 l - 4 fruits
 m - 2 royal jellies
 t - 3 chunks of flesh


   Skills:
 - Level 2.4 Dodging
 - Level 2.4 Stealth
 * Level 3.3 Spellcasting
 - Level 1.1 Conjurations
 + Level 9.6 Fire Magic


You had 3 spell levels left.
You knew the following spells:

 Your Spells              Type           Power        Failure   Level  Hunger
a - Flame Tongue          Conj/Fire      #####        1%          1    None
b - Throw Flame           Conj/Fire      #####.       1%          2    ##.....
c - Conjure Flame         Conj/Fire      #####...     4%          3    ###....
d - Inner Flame           Hex/Fire       #####...     4%          3    ###....


Dungeon Overview and Level Annotations

Branches:
Dungeon (5/15)             Temple (1/1) D:4

Altars:
Ashenzari
Cheibriados
Gozag
Makhleb
Nemelex Xobeh
Okawaru
Ru
Sif Muna
Trog
Uskayaw
Yredelemnul
Zin
Lugonu


Innate Abilities, Weirdness & Mutations

You can translocate small distances at will.
You are resistant to hostile enchantments. (MR+)
You are robust. (+10% HP)


Message History

The centaur wields a shortbow.
The centaur shoots an arrow.
The arrow hits you!
Casting: Flame Tongue
Confirm with . or Enter, or press ? or * to list all spells.
Aiming: Flame Tongue
Press: ? - help, Shift-Dir - straight line, f/p - centaur
Aim: a centaur, wielding a shortbow (heavily wounded)
You feel a surge of power!
The flame tongue hits the centaur.
The centaur is almost dead.
The centaur shoots an arrow.
The arrow closely misses you.
The centaur shoots an arrow.
The arrow hits you!
* * * LOW HITPOINT WARNING * * *
Casting: Flame Tongue
Confirm with . or Enter, or press ? or * to list all spells.
Aiming: Flame Tongue
Press: ? - help, Shift-Dir - straight line, f/p - centaur
Aim: a centaur, wielding a shortbow (severely wounded)
You feel a surge of power!
The flame tongue hits the centaur.
The centaur is almost dead.
The centaur shoots an arrow.
The arrow hits you!
You die...

..# .# #.## #.#
#..###..# ###
#.......# ##.##
#....... ## ##...##
##....# ..##
#.#...####...## c...
####..#..#....###..#
##..........@$..#
##............##
#.....#(.>...#
##.....####......
##......## ...##...
##........# #.## ..#
####.....#..## ###
.# ........#..## #
#####.....##


You could see a centaur.

Vanquished Creatures
  An ice beast (D:5)
  2 ogres
  Blork the orc (D:4)
  A wyvern zombie (D:5)
  A bullfrog zombie (D:3)
  2 orc wizards (D:3)
  3 worker ants
  A killer bee zombie (D:4)
  A hound skeleton (D:4)
  A worker ant zombie (D:5)
  7 adders
  A shadow imp (D:5)
  5 worms
  3 dart slugs (D:1)
  4 leopard geckos
  3 orcs
  4 bats
  5 giant cockroaches
  4 hobgoblins
  5 frilled lizards
  7 goblins
  11 kobolds
  5 rats
78 creatures vanquished.

Notes
Turn   | Place    | Note
-------+----------+-------------------------------------------
     0 | D:1      | vatarom the Deep Elf Fire Elementalist began the quest for the Orb.
     0 | D:1      | Reached XP level 1. HP: 10/10 MP: 6/6
    70 | D:1      | Reached XP level 2. HP: 15/15 MP: 1/8
    78 | D:1      | Reached skill level 4 in Fire Magic
   131 | D:1      | Learned a level 2 spell: Throw Flame
   697 | D:1      | Reached XP level 3. HP: 19/19 MP: 6/9
   704 | D:1      | Learned a level 3 spell: Conjure Flame
   927 | D:2      | Found a hide-covered altar of Uskayaw.
   964 | D:2      | Reached skill level 5 in Fire Magic
  1500 | D:2      | Reached XP level 4. HP: 17/24 MP: 5/10
  1558 | D:2      | Found a burning altar of Makhleb.
  1558 | D:2      | Noticed a green death
  1561 | D:2      | Noticed a ynoxinul
  1561 | D:2      | Noticed a hellwing
  1798 | D:2      | HP: 1/24 [orc/vampiric hand axe (4)]
  1963 | D:2      | Learned a level 3 spell: Inner Flame
  2231 | D:3      | Reached skill level 6 in Fire Magic
  2500 | D:3      | Reached XP level 5. HP: 21/28 MP: 5/11
  2741 | D:3      | Found an opulent altar of Gozag.
  2741 | D:3      | Found a faded altar of an unknown god.
  2746 | D:3      | Found a faded altar of an unknown god.
  2748 | D:3      | Found a shattered altar of Ashenzari.
  2750 | D:3      | Found a bloodstained altar of Trog.
  3053 | D:4      | Found a staircase to the Ecumenical Temple.
  3065 | Temple   | Entered the Ecumenical Temple
  3141 | D:4      | Gained mutation: You can translocate small distances at will. [potion of mutation]
  3141 | D:4      | Gained mutation: You are resistant to hostile enchantments. (MR+) [potion of mutation]
  3141 | D:4      | Gained mutation: You are robust. (+10% HP) [potion of mutation]
  3201 | D:4      | Noticed an ogre
  3215 | D:4      | Killed an ogre
  3215 | D:4      | Reached skill level 7 in Fire Magic
  3215 | D:4      | Reached XP level 6. HP: 35/35 MP: 2/12
  3485 | D:4      | Noticed Blork the orc
  3496 | D:4      | Killed Blork the orc
  3496 | D:4      | Reached skill level 8 in Fire Magic
  4232 | D:5      | Entered Level 5 of the Dungeon
  4237 | D:5      | Reached XP level 7. HP: 39/39 MP: 5/13
  4305 | D:5      | Got a translucent long sword
  4306 | D:5      | Identified the cursed +1 long sword "Byrghega" {venom, +Fly rPois rC+} (You found it on level 5 of the Dungeon)
  4327 | D:5      | Reached skill level 9 in Fire Magic
  4873 | D:5      | Shot with an arrow by a centaur

Skill      XL: |  1  2  3  4  5  6  7 |
---------------+----------------------+-----
Fire Magic     | 4 5 6 7 8 9 |  9.6
Dodging        | |  2.4
Stealth        | |  2.4
Spellcasting   | |  3.3
Conjurations   | |  1.1

Action                   |  1- 3 |  4- 6 |  7- 9 || total
-------------------------+-------+-------+-------++-------
Melee: Unarmed           |     2 |       |       ||     2
       Dagger            |     3 |       |       ||     3
       Short sword       |     4 |     9 |       ||    13
 Cast: Flame Tongue      |    55 |    72 |    26 ||   153
       Throw Flame       |    15 |    15 |     6 ||    36
       Conjure Flame     |     1 |     5 |       ||     6
       Inner Flame       |       |     2 |       ||     2
Evoke: Wand              |       |     2 |       ||     2
  Use: Scroll            |     5 |     6 |     1 ||    12
       Potion            |       |     5 |       ||     5
 Stab: Sleeping          |       |     1 |       ||     1
  Eat: Chunk             |     2 |     1 |     2 ||     5
       Bread ration      |       |     2 |       ||     2
Armor: Robe              |     5 |     6 |     1 ||    12
Dodge: Dodged            |    21 |    22 |     7 ||    50
